 Dungeon Crawl Stone Soup version 0.31.0-11-ge490571c62 (webtiles) character file.

Game seed: 17338880355661654783

1958 Daunt the Skirmisher (level 9, -11/57 HPs)
             Began as a Human Delver on Jan 27, 2024.
             Was a Priest of Hepliaklqana.
             Hit by a large rock thrown by a cyclops (38 damage)
             ... on level 7 of the Dungeon.
             The game lasted 00:19:05 (4582 turns).

Daunt the Skirmisher (Human Delver)                 Turns: 4582, Time: 00:19:06

Health: -11/57     AC:  7    Str: 13    XL:     9   Next: 19%
Magic:  9/9        EV: 11    Int: 10    God:    Hepliaklqana [***...]
Gold:   290        SH:  0    Dex: 19    Spells: 8/8 levels left

rFire   . . .        b - +0 orcbow
rCold   . . .        (shield currently unavailable)
rNeg    + . .        K - +0 ring mail {Will+}
rPois   .            (no helmet)
rElec   .            F - +0 cloak
rCorr   +            R - +0 pair of gloves
SInv    .            (no boots)
Will    +....        n - amulet of the acrobat
Stlth   +++          i - ring of resist corrosion
HPRegen 0.29/turn    x - ring of positive energy
MPRegen 0.11/turn

%: acrobat
@: no status effects
A: reduced essence, explore regen
a: Renounce Religion, Recall Ancestor, Ancestor Identity, Transference


You were on level 7 of the Dungeon.
You worshipped Hepliaklqana.
Hepliaklqana was most pleased with you.
You visited 2 branches of the dungeon, and saw 8 of its levels.

You collected 346 gold pieces.
You spent 56 gold pieces at shops.

Inventory:

Hand Weapons
 a - a +0 falchion
 b - a +0 orcbow (weapon)
 r - a +0 eveningstar
 A - a +2 dagger of speed
 T - a +0 long sword
Missiles
 j - 98 stones
 D - 3 curare-tipped darts
 G - 7 boomerangs
 I - 24 poisoned darts
 M - a throwing net
Armour
 l - a +0 tower shield
 u - a +0 leather armour
 F - a +0 cloak (worn)
 K - a +0 ring mail of willpower (worn)
 R - a +0 pair of gloves (worn)
Jewellery
 i - a ring of resist corrosion (left hand)
 n - an amulet of the acrobat (around neck)
 x - a ring of positive energy (right hand)
Talismans
 h - a beast talisman
Wands
 g - a wand of digging (3)
 w - a wand of polymorph (14)
 E - a wand of light (6)
 S - a wand of mindburst (12)
Scrolls
 c - a scroll of fog
 e - 2 scrolls of fear
 m - 4 scrolls of revelation
 o - 7 scrolls of identify {unknown}
 y - a scroll of enchant weapon {unknown}
 z - a scroll of torment {unknown}
 C - 2 scrolls of poison {unknown}
 H - a scroll of amnesia {unknown}
 J - 2 scrolls of teleportation {unknown}
 L - a scroll of noise {unknown}
 N - a scroll of immolation {unknown}
 P - a scroll of blinking {unknown}
Potions
 d - a potion of heal wounds {unknown}
 f - 3 potions of curing {unknown}
 k - 2 potions of haste
 p - 2 potions of ambrosia {unknown}
 q - 2 potions of degeneration {unknown}
 s - 3 potions of might {unknown}
 t - a potion of resistance {unknown}
 v - 2 potions of cancellation {unknown}
 B - 4 potions of invisibility {unknown}
 O - a potion of berserk rage {unknown}
 Q - a potion of attraction {unknown}


   Skills:
 - Level 3.3 Fighting
 - Level 2.5 Long Blades
 + Level 11.1 Ranged Weapons
 - Level 2.5 Dodging
 - Level 5.3 Stealth


You had 8 spell levels left.
You didn't know any spells.
Your spell library contained the following spells:

 Spells                   Type           Power      Damage    Failure   Level
 Static Discharge         Conj/Air       0%         3-3/arc   77%         2
 Airstrike                Air            0%         2d(0-16)  100%        4
 Summon Lightning Spire   Summ/Air       0%         N/A       100%        4
 Sculpt Simulacrum        Ice/Alch       0%         N/A       100%        6
 Ozocubu's Refrigeration  Ice            0%         4d7       100%        7
 Polar Vortex             Ice            0%         N/A       100%        9


Dungeon Overview and Level Annotations

Branches:
Dungeon (7/15)             Temple (1/1) D:5

Altars:
Ashenzari
Cheibriados
Dithmenos
Elyvilon
Fedhas
Gozag
Hepliaklqana
Kikubaaqudgha
Makhleb
Nemelex Xobeh
Okawaru
Ru
Sif Muna
Trog
Uskayaw
Vehumet
Wu Jian
Xom
Yredelemnul
Zin

Shops:
D:3 (   D:4 :*

Annotations:
D:6 flight
D:7 exclusion: killer bee


Innate Abilities, Weirdness & Mutations

Your life essence is reduced to manifest your ancestor. (-10% HP)
You regain HP and MP as you explore.


Message History

You swap places.
You see here a +0 long sword.
T - a +0 long sword You swap places.
Found an escape hatch in the floor.
You now have 290 gold pieces (gained 19).
A cyclops comes into view.
Found an Everburning Encyclopedia.
A cyclops is nearby!
You shoot an arrow. The arrow hits the cyclops.
The cyclops shouts!
The cyclops is lightly wounded.
You shoot an arrow. The arrow hits the cyclops!
The cyclops is moderately wounded.
You shoot an arrow. The arrow hits the cyclops!
The cyclops is heavily wounded.
The cyclops throws a large rock.
The large rock hits you!!
Ouch! That really hurt!
You are too injured to fight recklessly!
Unknown command.
You are too injured to fight recklessly!
Fire: b) +0 orcbow
Press: ? - help, Q - select action, (/) - cycle Shift-Dir - straight line, f/p - cyclops
Aim: a cyclops, quivering large rocks (heavily wounded, ally target, 86% to hit)
You shoot an arrow. The arrow hits the cyclops!
The cyclops is severely wounded.
Fire: b) +0 orcbow
Press: ? - help, Q - select action, (/) - cycle Shift-Dir - straight line, f/p - cyclops
Aim: a cyclops, quivering large rocks (severely wounded, ally target, 86% to hit)
You shoot an arrow.
The arrow hits the cyclops but does no damage.
The cyclops is severely wounded.
Fire: b) +0 orcbow
Press: ? - help, Q - select action, (/) - cycle Shift-Dir - straight line, f/p - cyclops
Aim: a cyclops, quivering large rocks (severely wounded, ally target, 86% to hit)
You shoot an arrow. The arrow hits the cyclops.
The cyclops is severely wounded.
The cyclops throws a large rock.
The large rock hits you!!!
Ouch! That really hurt!
You die...

#.######
#..C.>.#
#@# #R#
#.# #.#
#.# #.#
## #.# .#
#####.##
.#
#......##


You could see the friendly Ingwe the knight and a cyclops (ally target).

Vanquished Creatures
  Grinder (D:5)
  An orc warrior (D:7)
  A centaur (D:5)
  A howler monkey (D:5)
  A bombardier beetle (D:6)
  A hound (D:6)
  2 orc priests
  2 iguanas
  A sleepcap (D:4)
  5 gnolls
  5 adders
  2 dart slugs (D:1)
  12 orcs
  6 ball pythons
  4 endoplasms
  3 giant cockroaches (D:1)
  6 goblins
  4 hobgoblins
  4 jackals (D:4)
  6 quokkas
  7 bats
  A frilled lizard (D:2)
  15 kobolds
  5 rats
96 creatures vanquished.

Vanquished Creatures (collateral kills)
  Menkaure (D:6)
  2 ice beasts
  A black bear (D:4)
  An ogre (D:5)
  2 kobold brigands (D:6)
  A scorpion (D:5)
  2 hounds
  A gnoll bouda (D:4)
  A sleepcap (D:6)
  5 iguanas
  6 orc wizards
  4 gnolls (D:4)
  4 adders
  A white imp (D:7)
  A ribbon worm (D:2)
  7 orcs
  2 endoplasms
  A giant cockroach (D:3)
  A hobgoblin (D:4)
  A jackal (D:4)
  A quokka (D:3)
  A frilled lizard (D:2)
  A goblin (D:3)
  5 kobolds
53 creatures vanquished.

Vanquished Creatures (others)
  A knight (D:3)
1 creature vanquished.

Grand Total: 150 creatures vanquished

Notes
Turn   | Place    | Note
-------+----------+-------------------------------------------
     0 | D:5      | Daunt the Human Delver began the quest for the Orb.
     0 | D:5      | Reached XP level 1. HP: 18/18 MP: 1/1
     6 | Temple   | Entered the Ecumenical Temple
    24 | Temple   | Became a worshipper of Hepliaklqana the Forgotten
    51 | D:5      | Noticed a scorpion
    54 | D:5      | Noticed Grinder
    54 | D:5      | Noticed a hound
    60 | D:6      | Noticed an orc wizard
    61 | D:6      | Noticed Menkaure
    66 | D:6      | Noticed an iguana
    69 | D:5      | Paralysed by Grinder for 5 turns
   315 | D:1      | Reached XP level 2. HP: 24/24 MP: 2/2
   315 | D:1      | Reached * piety under Hepliaklqana
  1043 | D:1      | Reached XP level 3. HP: 21/26 MP: 3/3
  1498 | D:2      | Reached ** piety under Hepliaklqana
  1499 | D:2      | Remembered your ancestor Ingwe as a knight
  1692 | D:3      | Reached skill level 1 in Ranged Weapons
  1695 | D:3      | Reached skill level 2 in Ranged Weapons
  1695 | D:3      | Reached XP level 4. HP: 31/31 MP: 4/4
  1698 | D:3      | Found Veofiboes's Antique Weapon Boutique.
  1722 | D:3      | Bought an orcbow for 56 gold pieces
  1749 | D:3      | Found an ancient bone altar of Kikubaaqudgha.
  1758 | D:3      | Reached XP level 5. HP: 36/36 MP: 5/5
  1760 | D:3      | Reached skill level 3 in Ranged Weapons
  2427 | D:3      | Reached skill level 4 in Ranged Weapons
  2519 | D:4      | Reached XP level 6. HP: 42/42 MP: 6/6
  2589 | D:4      | Reached skill level 5 in Ranged Weapons
  2624 | D:4      | Found Ulluygiv's Elemental Accessories.
  2824 | D:4      | Noticed a black bear
  2929 | D:4      | Reached skill level 6 in Ranged Weapons
  2987 | D:4      | Found Asaco's Tremendous Tomes.
  3048 | D:4      | Reached XP level 7. HP: 46/46 MP: 7/7
  3425 | D:5      | Reached skill level 7 in Ranged Weapons
  3447 | D:5      | Killed Grinder
  3448 | D:5      | Reached skill level 8 in Ranged Weapons
  3448 | D:5      | Reached XP level 8. HP: 52/52 MP: 8/8
  3511 | D:5      | Reached *** piety under Hepliaklqana
  3574 | D:5      | Reached skill level 9 in Ranged Weapons
  3836 | D:6      | Killed Menkaure
  3937 | D:6      | Reached skill level 10 in Ranged Weapons
  3971 | D:6      | Reached XP level 9. HP: 57/57 MP: 9/9
  4079 | D:6      | Found a glowing silver altar of Zin.
  4079 | D:6      | Noticed an angel
  4491 | D:7      | Reached skill level 11 in Ranged Weapons
  4576 | D:7      | Noticed a cyclops
  4582 | D:7      | Hit by a large rock thrown by a cyclops

Illustrated notes

Levels and vault maps discovered:
D:1:      nzn_arrival_settlement, layout_basic
D:2:      wander_river, layout_basic
D:3:      layout_basic, mainiacjoe_overflow_small_starburst,
          portal_sewer_entry_c, serial_shops, shop
D:4:      layout_loops_corners, nicolae_elemental_shop, grunt_ministairs_5,
          nicolae_shop_i_like_big_books, minmay_between
D:5:      layout_rooms, minmay_temple_entry_mist, uniq_grinder
D:6:      layout_rooms, zin_angel, water_maze_lemuel, uniq_menkaure
D:7:      layout_basic
Temple:   dpeg_three_leaves_temple

Skill      XL: |  1  2  3  4  5  6  7  8  9 |
---------------+----------------------------+-----
Ranged Weapons | 2 4 6 8 10 11 | 11.1
Fighting       | |  3.3
Long Blades    | |  2.5
Dodging        | |  2.5
Stealth        | |  5.3

Action                     |  1- 3 |  4- 6 |  7- 9 || total
---------------------------+-------+-------+-------++-------
  Melee: Falchion          |    63 |       |       ||    63
   Fire: Sling             |    30 |       |       ||    30
         Orcbow            |       |   118 |   186 ||   304
 Invoke: Ancestor Life: Kn |     1 |       |       ||     1
         Recall Ancestor   |       |     1 |       ||     1
    Use: Potion            |     1 |       |       ||     1
   Stab: Sleeping          |     6 |       |       ||     6
 Armour: Leather armour    |    34 |       |       ||    34
         Ring mail         |    14 |    13 |    12 ||    39
  Dodge: Dodged            |    46 |     7 |    18 ||    71
